 Dungeon Crawl Stone Soup version 0.29-a0-234-g0dae59b3db (webtiles) character file.

Game seed: 17370454130165807694

66690 siradein the Lord of Darkness (level 14, -1/124 HPs)
             Began as a White Draconian Necromancer on Mar 3, 2022.
             Was the Champion of Kikubaaqudgha.
             Slain by a death yak (20 damage)
             ... led by a torpor snail
             ... on level 6 of the Lair of Beasts on Mar 4, 2022.
             The game lasted 01:46:22 (28295 turns).

siradein the Lord of Darkness (DrNe)               Turns: 28295, Time: 01:46:22

Health: -1/124     AC: 15    Str: 17    XL:     14   Next: 80%
Magic:  28/37      EV: 14    Int: 24    God:    Kikubaaqudgha [******]
Gold:   108        SH: 10    Dex: 13    Spells: 5/32 levels left

rFire   + . .      SeeInvis +   X - +0 demon whip (venom)
rCold   + + .      Faith    .   u - +0 kite shield
rNeg    . . .      Spirit   .   (body armour unavailable)
rPois   +          Reflect  .   Z - +3 hat of Pondering {ponderous, Will+ MP+10 Int+5}
rElec   .          Harm     .   y - +0 cloak
rCorr   +          Rampage  .   g - +0 pair of gloves
Will    ++...                   B - +1 pair of boots "Paaja" {rC+ Str+3}
Stlth   ++........              S - amulet of magic regeneration
HPRegen 0.30/turn               M - ring of Beosed {Wiz rF+ rCorr Str+3 SInv}
MPRegen 0.65/turn               q - ring of poison resistance

@: slowed, very slow
A: breathe frost, AC +8, unfitting armour, cold resistance 1, cold-blooded
a: Breathe Frost, Renounce Religion, Receive Corpses, Torment


You were on level 6 of the Lair of Beasts.
You worshipped Kikubaaqudgha.
Kikubaaqudgha was exalted by your worship.
You visited 2 branches of the dungeon, and saw 18 of its levels.
You visited 1 bazaar.
You also visited: Sewer, Ossuary and Bailey.

You collected 1703 gold pieces.
You spent 1595 gold pieces at shops.

Inventory:

Hand Weapons
 X - a +0 demon whip of venom (weapon)
 Y - the +7 mace of Indignation {drain, rN+ Str+7 Dex+3 Stlth+}
   (You found it on level 11 of the Dungeon)

   A truly terrible weapon, it drains the life of any living foe it strikes.
   Str:       It affects your strength (+7).
   Dex:       It affects your dexterity (+3).
   rN:        It protects you from negative energy.
   Stlth:     It makes you more stealthy.
Armour
 g - a +0 pair of gloves (worn)
 u - a +0 kite shield (worn)
 y - a +0 cloak (worn)
 B - the +1 pair of boots "Paaja" (worn) {rC+ Str+3}
   (You found it on level 6 of the Dungeon)

   Str:       It affects your strength (+3).
   rC:        It protects you from cold.
 Z - the +3 hat of Pondering (worn) {ponderous, Will+ MP+10 Int+5}
   (You took it off Gastronok on level 1 of the Lair of Beasts)

   Int:       It affects your intelligence (+5).
   MP:        It affects your magic capacity (+10).
   Will:      It increases your willpower.
Magical Staves
 t - a staff of poison
 W - a staff of earth
Jewellery
 m - a +6 ring of intelligence
 q - a ring of poison resistance (right hand)
 L - a ring of magical power
 M - the ring of Beosed (left hand) {Wiz rF+ rCorr Str+3 SInv}
   (You bought it in a shop on level 1 of the Dungeon)

   [ring of wizardry]

   It improves your spell success rate.
   Str:       It affects your strength (+3).
   rF:        It protects you from fire.
   SInv:      It lets you see invisible.
   rCorr:     It protects you from acid and corrosion.
 R - the necklace of Bloodlust {*Rage Will++ Int-3 Slay+6}
   (You found it on level 9 of the Dungeon)

   [amulet of nothing]

   It extends the wearer's berserk rage when killing foes.
   Int:       It affects your intelligence (-3).
   Slay:      It affects your accuracy & damage with ranged weapons and melee
   (+6).
   *Rage:     It berserks you when you make melee attacks (+50% chance).
   Will:      It greatly increases your willpower.
 S - an amulet of magic regeneration (around neck)
Wands
 c - a wand of polymorph (10)
 k - a wand of mindburst (10)
 n - a wand of paralysis (17)
 x - a wand of digging (2)
 A - a wand of iceblast (12)
 I - a wand of flame (47)
 T - a wand of acid (3)
Scrolls
 a - 3 scrolls of holy word
 d - 5 scrolls of enchant armour
 e - 9 scrolls of enchant weapon
 i - 5 scrolls of immolation
 j - 8 scrolls of teleportation {unknown}
 l - 7 scrolls of amnesia {unknown}
 o - 6 scrolls of magic mapping
 r - 2 scrolls of vulnerability {unknown}
 s - 4 scrolls of fog
 z - 3 scrolls of silence {unknown}
 F - 2 scrolls of fear
 K - a scroll of blinking {unknown}
 U - a scroll of brand weapon {unknown}
Potions
 b - 3 potions of berserk rage
 f - 4 potions of ambrosia
 h - 4 potions of magic
 p - 10 potions of heal wounds
 v - 2 potions of mutation
 w - 9 potions of haste
 C - 2 potions of attraction
 D - a potion of cancellation {unknown}
 E - 2 potions of might
 G - 5 potions of curing {unknown}
 J - 3 potions of lignification {unknown}
 O - 2 potions of invisibility {unknown}
 P - 2 potions of resistance {unknown}
 Q - 3 potions of brilliance
 V - 3 potions of flight {unknown}
Miscellaneous
 H - a condenser vane
 N - a box of beasts


   Skills:
 + Level 11.0 Fighting
 + Level 10.0 Maces & Flails
 + Level 9.5 Dodging
 - Level 2.0 Stealth
 + Level 7.8 Shields
 + Level 9.6 Spellcasting
 + Level 6.6 Hexes
 * Level 11.4 Necromancy
 + Level 6.2 Ice Magic
 + Level 7.4 Earth Magic
 + Level 4.4 Evocations


You had 5 spell levels left.
You knew the following spells:

 Your Spells              Type           Power      Damage    Failure   Level
a - Pain                  Necr           100%       1d9       1%          1
b - Vampiric Draining     Necr           60%        2d10      1%          3
c - Animate Dead          Necr           30%        N/A       1%          4
d - Dispel Undead         Necr           60%        3d21      1%          4
e - Borgnjor's Vile Clut  Necr/Erth      27%        N/A       3%          5
f - Anguish               Hex/Necr       26%        N/A       1%          4
g - Simulacrum            Ice/Necr       26%        N/A       21%         6

Your spell library contained the following spells:

 Spells                   Type           Power      Damage    Failure   Level
 Animate Skeleton         Necr           100%       N/A       1%          1
 Corpse Rot               Necr/Air       76%        N/A       1%          2
 Agony                    Necr           60%        N/A       1%          5
 Summon Guardian Golem    Hex/Summ       27%        N/A       4%          3
 Beastly Appendage        Tmut           22%        N/A       6%          1
 Wereblood                Tmut           11%        N/A       9%          2
 Spider Form              Tmut/Pois      11%        N/A       16%         3
 Hailstorm                Conj/Ice       26%        3d7       16%         4
 Ice Form                 Ice/Tmut       26%        N/A       16%         4
 Airstrike                Air            5%         N/A       45%         4
 Summon Lightning Spire   Summ/Air       11%        N/A       45%         4
 Lightning Bolt           Conj/Air       5%         1d17      80%         5
 Borgnjor's Revivificati  Necr           30%        N/A       96%         8
 Infestation              Necr           30%        N/A       96%         8
 Haunt                    Necr/Summ      19%        N/A       98%         7
 Malign Gateway           Summ/Tloc      5%         N/A       100%        7
 Orb of Destruction       Conj           5%         9d5       100%        7
 Spellforged Servitor     Conj/Summ      5%         N/A       100%        7
 Necromutation            Tmut/Necr      19%        N/A       100%        8
 Summon Horrible Things   Summ           5%         N/A       100%        8
 Death's Door             Necr           30%        N/A       100%        9


Dungeon Overview and Level Annotations

Branches:
Dungeon (12/15)            Temple (0/1) D:6            Lair (6/6) D:11
 Shoals (0/4) Lair:3        Snake (0/4) Lair:2          Orc (0/2) D:11
  Sewer (visited)         Ossuary (visited)          Bailey (visited)
  Slime: Lair:5-6

Altars:
Dithmenos
Elyvilon
Fedhas
Hepliaklqana
Kikubaaqudgha
Trog
Uskayaw
Vehumet
Wu Jian
Xom
Yredelemnul
Zin
The Shining One

Shops:
D:1 =[=   D:3 *   D:7 :   D:8 *   D:11 !(


Innate Abilities, Weirdness & Mutations

You can breathe waves of freezing cold which knock back foes.
Your icy white scales are hard. (AC +8)
You cannot fit into any form of body armour.
Your flesh is cold resistant. (rC+)
You are cold-blooded and may be slowed by cold attacks.


Message History

The yak closely misses you. The death yak barely misses you.
You block the death yak's attack. The torpor snail bites you!
The torpor snail is wracked by anguish!
Unknown command.
The yak gores your bullfrog zombie!!
The torpor snail bites your bullfrog zombie!
Your bullfrog zombie is destroyed!
The torpor snail is wracked by anguish!
The yak gores your bullfrog zombie! The death yak gores you!
* * * LOW HITPOINT WARNING * * *
The death yak misses you.
Casting: Animate Dead (mildly dangerous; 1% risk of failure)
Confirm with . or Enter, or press ? or * to list all spells.
Aiming: Vampiric Draining (safe; 1% risk of failure)
Press: ? - help, Shift-Dir - straight line, f - komodo dragon
Aim: a komodo dragon (ally target)
You draw life force from the komodo dragon.
You feel life coursing into your body. The komodo dragon bites you!
* * * LOW HITPOINT WARNING * * *
Your bullfrog zombie hits the torpor snail but does no damage.
The yak gores your bullfrog zombie!
Your bullfrog zombie is destroyed!
The death yak barely misses you. x2; You block the komodo dragon's attack.
Unknown command.
As you read the scroll of fear, it crumbles to dust.
You assume a fearsome visage.
The komodo dragon looks frightened!
The torpor snail looks frightened!
The death yak looks frightened!
The death yak resists with almost no effort.
The yak looks frightened!
The death yak closely misses you.
Your komodo dragon zombie barely misses the komodo dragon.
The death yak gores you but does no damage.
Casting: Vampiric Draining (safe; 1% risk of failure)
Confirm with . or Enter, or press ? or * to list all spells.
Aiming: Vampiric Draining (safe; 1% risk of failure)
Press: ? - help, Shift-Dir - straight line, f - death yak, p - komodo dragon
Aim: a death yak You draw life force from the death yak.
You feel life coursing into your body. The death yak gores you!!
You die...
Kikubaaqudgha rasps: "You have failed me!
Welcome... death!"

#.........#.##.........
###......##..###.........
##...#...#.....##........[
#....#.#........#P........
##...........Y............
#.#.......l.Z.............
#.........................
#.##..........Y...........
###..........@.w..Y.......
#........................
##.......................
##.....................
#.....................
##...................
#..................
##................
#..............#


You could see 2 death yaks, a torpor snail (fleeing, anguished), a komodo dragon
(fleeing, ally target), a yak (fleeing) and a friendly komodo dragon zombie
(slow).

Vanquished Creatures
  Gastronok (Lair:1)
  2 hydras
  Harold (D:11)
  Erica (D:8)
  A centaur warrior (D:12)
  10 death yaks
  A two-headed ogre (D:11)
  7 spriggans (Lair:6)
  Sonja (Lair:1)
  Nergalle (D:11)
  A fire crab (Lair:6)
  An orc knight (D:11)
  A lindwurm (Lair:3)
  A deep elf pyromancer (D:12)
  Pikel (D:6)
  3 manticores
  A cyclops (D:12)
  5 elephants (Lair:6)
  Joseph (D:8)
  3 black mambas
  An orange demon (D:10)
  A merfolk siren (Lair:3)
  A gargoyle (D:10)
  A torpor snail (Lair:3)
  9 cane toads
  An unseen horror (D:10)
  Psyche (D:8)
  15 komodo dragons
  2 rime drakes
  A merfolk (Lair:3)
  Prince Ribbit (D:8)
  A troll (D:12)
  5 polar bears
  3 hornets (Lair:6)
  4 slime creatures (D:12)
  6 dream sheep
  11 blink frogs
  2 shadows
  Sigmund (D:6)
  A vampire (D:11)
  3 wraiths
  56 yaks
  4 basilisks
  5 wyverns
  2 steam dragons
  6 vampire mosquitoes (D:10)
  Edmund (D:4)
  2 acid dragons
  14 water moccasins
  6 orc warriors
  Pargi (Sewer)
  An ice beast (D:6)
  3 sky beasts (D:5)
  A hornet zombie (D:7)
  2 black bears
  2 ogres
  27 wolves
  4 centaurs
  3 boggarts (Lair:6)
  2 phantoms
  2 kobold brigands
  Blork the orc (D:5)
  An elf zombie (Ossuary)
  3 necrophages
  17 bullfrogs
  4 scorpions
  11 wights
  7 killer bees (D:11)
  A howler monkey (D:6)
  An electric eel (Lair:3)
  A bullfrog zombie (D:7)
  5 centaur zombies
  2 hounds
  3 jellies
  2 human zombies (Ossuary)
  Crazy Yiuf (D:5)
  An orc priest (D:9)
  2 gnoll shamans
  4 iguanas
  7 orc wizards
  4 hell rats (Lair:5)
  Terence (D:2)
  3 mummies
  A howler monkey zombie (D:7)
  22 gnolls
  7 adders
  2 white imps
  An ufetubus (D:6)
  3 adder zombies (Ossuary)
  A worm (D:6)
  8 dart slugs
  18 orcs
  10 ball pythons
  8 endoplasms
  7 giant cockroaches
  14 goblins
  10 hobgoblins
  11 kobolds
  5 quokkas
  4 bats
  2 frilled lizards (D:3)
  12 hobgoblin zombies (Ossuary)
  2 jackal zombies (Ossuary)
  11 kobold zombies (Ossuary)
  5 orc zombies (Ossuary)
  10 rats
515 creatures vanquished.

Vanquished Creatures (collateral kills)
  A manticore (D:11)
  3 elephants (Lair:6)
  A komodo dragon (Lair:1)
  A hornet (Lair:6)
  2 blink frogs
  A dream sheep (Lair:6)
  A spriggan (Lair:6)
  A basilisk (D:11)
  A yak (Lair:6)
  3 wolves
  2 bullfrogs (Lair:1)
  A killer bee (D:11)
  An orc priest (D:8)
  Ijyb (D:5)
  2 hell rats (Lair:5)
  A shadow imp (D:6)
  An orc (D:10)
  An endoplasm (D:4)
25 creatures vanquished.

Vanquished Creatures (others)
  An orc warlord (Bailey)
  A boulder beetle (Lair:4)
  2 hydras
  A death yak (Lair:5)
  Amaemon (D:11)
  A guardian serpent (Lair:2)
  A black mamba (Lair:3)
  A cane toad (Lair:1)
  A polar bear (Lair:6)
  2 trolls
  A hornet (Lair:6)
  3 blink frogs
  A dream sheep (Lair:3)
  A wyvern (D:11)
  3 yaks
  A water moccasin (Lair:3)
  2 orc warriors
  3 wolves
  3 orc priests
  A hell rat (Lair:5)
  A gnoll (D:8)
  An orc (D:11)
  2 bushes (Lair:2)
  33 fungi
  95 plants
163 creatures vanquished.

Grand Total: 703 creatures vanquished

Notes
Turn   | Place    | Note
-------+----------+-------------------------------------------
     0 | D:1      | siradein the Draconian Necromancer began the quest for the
                  | Orb.
     0 | D:1      | Reached XP level 1. HP: 14/14 MP: 3/3
    31 | D:1      | Found Nesinope's Jewellery Boutique.
   148 | D:1      | Found Xierhoc's Antique Armour Shoppe.
   585 | D:1      | Reached XP level 2. HP: 16/20 MP: 0/5
   664 | D:1      | Found Meaviep's Jewellery Shoppe.
  1390 | D:1      | Found a hide-covered altar of Uskayaw.
  1550 | D:2      | Found a faded altar of an unknown god.
  1866 | D:2      | Reached XP level 3. HP: 21/27 MP: 3/6
  1870 | D:2      | Learned a level 3 spell: Vampiric Draining
  1934 | D:2      | Noticed Terence
  1944 | D:2      | Killed Terence
  1945 | D:2      | Reached skill level 1 in Fighting
  2347 | D:2      | Reached XP level 4. HP: 31/35 MP: 2/7
  2352 | D:2      | Learned a level 4 spell: Animate Dead
  2809 | D:3      | Found Lopal's General Store.
  2975 | D:3      | Noticed a necrophage
  2992 | D:3      | Killed a necrophage
  2993 | D:3      | Reached skill level 1 in Maces & Flails
  2993 | D:3      | Reached XP level 5. HP: 35/41 MP: 9/9
  3333 | D:3      | Reached skill level 5 in Maces & Flails
  3333 | D:3      | Reached skill level 5 in Dodging
  3333 | D:3      | Reached skill level 5 in Spellcasting
  3333 | D:3      | Reached XP level 6. HP: 57/57 MP: 9/14
  3402 | D:4      | Found an ancient bone altar of Kikubaaqudgha.
  3421 | D:4      | Became a worshipper of Kikubaaqudgha
  3446 | D:4      | Noticed Edmund
  3464 | D:4      | Killed Edmund
  3483 | D:4      | Found a shadowy altar of Dithmenos.
  3496 | D:4      | Your scales start taking on an icy white colour.
  3496 | D:4      | Reached XP level 7. HP: 43/63 MP: 10/15
  3496 | D:4      | Gained mutation: Your flesh is cold resistant. (rC+) [White
                  | Draconian growth]
  3722 | D:4      | Found a shimmering altar of Xom.
  4149 | D:4      | Found a glowing silver altar of Zin.
  4470 | D:4      | Found a blossoming altar of Fedhas.
  4499 | D:4      | Found a bloodstained altar of Trog.
  4573 | D:4      | Reached * piety under Kikubaaqudgha
  4573 | D:4      | Received a gift from Kikubaaqudgha
  4749 | D:5      | Entered Level 5 of the Dungeon
  4758 | D:5      | Found an ornate altar of the Wu Jian Council.
  4810 | D:5      | Reached XP level 8. HP: 40/71 MP: 2/17
  4956 | D:5      | Found a white marble altar of Elyvilon.
  5286 | D:5      | Noticed Blork the orc
  5290 | D:5      | Killed Blork the orc
  5676 | D:5      | Found a runed translucent door.
  5677 | D:5      | Noticed Crazy Yiuf
  5773 | D:5      | Noticed Ijyb
  5795 | D:5      | Killed Ijyb
  5796 | D:5      | Reached skill level 1 in Shields
  6114 | D:5      | Killed Crazy Yiuf
  6379 | D:6      | Reached XP level 9. HP: 79/79 MP: 18/18
  6546 | D:6      | Reached ** piety under Kikubaaqudgha
  6574 | D:6      | Found a glowing drain.
  6578 | Sewer    | Entered a sewer
  6608 | Sewer    | Noticed Pargi
  6615 | Sewer    | Killed Pargi
  6829 | D:6      | Found a sand-covered staircase.
  6831 | D:6      | Identified the +1 pair of boots "Paaja" {rC+ Str+3}
  6836 | Ossuary  | Entered an ossuary
  7033 | Ossuary  | Reached *** piety under Kikubaaqudgha
  7033 | Ossuary  | Received a gift from Kikubaaqudgha
  7063 | Ossuary  | Learned a level 4 spell: Dispel Undead
  7069 | Ossuary  | Learned a level 5 spell: Borgnjor's Vile Clutch
  7074 | Ossuary  | Learned a level 4 spell: Anguish
  7134 | D:6      | Noticed Pikel
  7198 | D:6      | Killed Pikel
  7251 | D:6      | Reached skill level 1 in Earth Magic
  7349 | D:6      | Noticed Sigmund
  7358 | D:6      | Killed Sigmund
  7396 | D:6      | Reached skill level 1 in Hexes
  7594 | D:6      | Found a staircase to the Ecumenical Temple.
  7953 | D:7      | Identified the +1 leather armour of Ofirum {Contam Fly
                  | Slay+3 Stlth+}
  8332 | D:7      | Reached XP level 10. HP: 86/86 MP: 20/20
  8332 | D:7      | Found a basalt altar of Yredelemnul.
  8392 | D:7      | Found a glowing golden altar of the Shining One.
  8687 | D:7      | Found Datijaemei's Book Shoppe.
  9118 | D:8      | Noticed Psyche
  9134 | D:8      | Killed Psyche
  9544 | D:8      | Noticed Joseph
  9574 | D:8      | Killed Joseph
  9642 | D:8      | Found a hazy altar of Hepliaklqana.
  9733 | D:8      | Found Dipishry's General Store.
  9818 | D:8      | Bought a scroll of fog for 28 gold pieces
  9818 | D:8      | Bought a scroll of magic mapping for 49 gold pieces
  9818 | D:8      | Bought a scroll of immolation for 49 gold pieces
  9826 | D:8      | Noticed Prince Ribbit
  9840 | D:8      | Killed Prince Ribbit
  9979 | D:8      | Noticed Erica
  9999 | D:8      | Killed Erica
 10228 | D:8      | Found a hide-covered altar of Uskayaw.
 10231 | D:8      | Noticed a +0 hand axe
 10231 | D:8      | Noticed a +0 hand axe
 10630 | D:9      | Reached XP level 11. HP: 86/94 MP: 10/21
 10672 | D:9      | Found a flagged portal.
 10707 | Bailey   | Entered a bailey
 10740 | Bailey   | Reached **** piety under Kikubaaqudgha
 10741 | Bailey   | Noticed an orc warlord
 10924 | Bailey   | Found a runed translucent gate.
 10943 | Bailey   | Found a runed translucent gate.
 10944 | Bailey   | Found a runed translucent gate.
 11306 | Bailey   | Killed an orc warlord
 11875 | D:9      | Found the necklace of Bloodlust {*Rage Will++ Int-3 Slay+6}
 11880 | D:9      | Found a radiant altar of Vehumet.
 12063 | D:3      | Bought an amulet of magic regeneration for 420 gold pieces
 12663 | D:10     | Entered Level 10 of the Dungeon
 14053 | D:11     | Found a staircase to the Lair.
 14054 | D:11     | Noticed a two-headed ogre
 14083 | D:11     | Killed a two-headed ogre
 14099 | D:11     | Reached skill level 5 in Shields
 14105 | D:11     | Reached ***** piety under Kikubaaqudgha
 14254 | D:11     | Reached XP level 12. HP: 102/104 MP: 24/24
 14279 | D:11     | Identified the +10 falchion "Concordance" {freeze, Will++
                  | Int+2}
 14499 | D:11     | Found Ozeor's Distillery.
 14499 | D:11     | Noticed Nergalle
 14573 | D:11     | Killed Nergalle
 14772 | D:11     | Bought a potion of brilliance for 56 gold pieces
 14772 | D:11     | Bought a potion of might for 56 gold pieces
 14864 | D:11     | Noticed Amaemon
 15339 | D:11     | Noticed Harold
 15450 | D:12     | Noticed a centaur warrior
 15471 | D:12     | Killed a centaur warrior
 15706 | D:12     | Found a flickering gateway to a bazaar.
 15712 | Bazaar   | Entered a bazaar
 15741 | Bazaar   | Found Cer Rome's Antique Weapon Shoppe.
 15757 | Bazaar   | Found Gajesan's Armour Shoppe.
 15773 | Bazaar   | Found Qoworgh's Book Emporium.
 15789 | Bazaar   | Found Genky's Armour Emporium.
 15789 | Bazaar   | Found Etemubbe's General Store.
 15800 | Bazaar   | Bought a scroll of identify for 16 gold pieces
 15800 | Bazaar   | Bought 2 potions of heal wounds for 80 gold pieces
 15928 | D:12     | Reached skill level 5 in Earth Magic
 15946 | D:12     | Learned a level 6 spell: Simulacrum
 16097 | D:12     | Reached skill level 1 in Ice Magic
 16704 | D:11     | Killed Harold
 16724 | D:11     | Killed Amaemon
 16814 | D:11     | Found a staircase to the Orcish Mines.
 16816 | D:11     | Found Sinosa Pewka's Weapon Emporium.
 17079 | D:11     | Identified the +7 mace of Indignation {drain, rN+ Str+7
                  | Dex+3 Stlth+}
 17118 | Lair:1   | Entered Level 1 of the Lair of Beasts
 17815 | Lair:1   | Noticed Gastronok
 17840 | Lair:1   | Reached skill level 5 in Hexes
 17868 | Lair:1   | Killed Gastronok
 18027 | Lair:1   | Noticed Sonja
 18054 | Lair:1   | Killed Sonja
 18222 | Lair:1   | Reached XP level 13. HP: 105/113 MP: 25/25
 18271 | Lair:1   | Reached skill level 10 in Necromancy
 18927 | Lair:1   | Found a basalt altar of Yredelemnul.
 19467 | Lair:2   | Reached skill level 10 in Fighting
 19467 | Lair:2   | Reached skill level 1 in Evocations
 19650 | Lair:2   | Found a staircase to the Snake Pit.
 21792 | Lair:3   | Found a staircase to the Shoals.
 23656 | Lair:4   | Reached skill level 5 in Ice Magic
 23754 | Lair:4   | Reached XP level 14. HP: 122/122 MP: 27/27
 23844 | Lair:4   | Identified the ring "Vaoss" {Ice Str+5 Stlth-}
 26083 | Lair:6   | Entered Level 6 of the Lair of Beasts
 26084 | Lair:6   | Acquired 390 gold pieces
 26442 | D:1      | Bought the ring of Beosed {Wiz rF+ rCorr Str+3 SInv} for
                  | 841 gold pieces
 27357 | Lair:6   | Reached ****** piety under Kikubaaqudgha
 27650 | Lair:6   | Paralysed by a hornet for 3 turns
 28091 | Lair:6   | Reached skill level 10 in Maces & Flails
 28092 | Lair:6   | Received a gift from Kikubaaqudgha
 28295 | Lair:6   | Slain by a death yak

Illustrated notes

Levels and vault maps discovered:
D:1:      dpeg_arrival_water_altar, layout_basic, serial_shops, shop_statue,
          nicolae_shop_temple_entry_statues_fountains, shop
D:2:      layout_basic, shapermc_ecumenical_altar_pompeii,
          kennysheep_generic_room_3, uniq_terence
D:3:      kennysheep_slugbush, layout_rooms, serial_shops, shop
D:4:      layout_basic, mainiacjoe_overflow_concentric_impassable,
          zin_scriptorium, xom_teletrap_fun, nicolae_dithmenos_shadow_blocks,
          mainiacjoe_overflow_two_lobes, minmay_misc_feat_diagonals,
          kennysheep_big_empty_room, uniq_edmund
D:5:      layout_loops_ring, elyvilon_altar_1, nzn_wu_jian_contemplation,
          grunt_ministairs_7, uniq_ijyb, uniq_blork_the_orc,
          uniq_crazy_yiuf_cottage
D:6:      layout_basic, minmay_temple_entry_slanted, gup_ossuary_entry_pyramid,
          gup_sewer_entry_spiral, uniq_sigmund, uniq_pikel
D:7:      layout_basic, nicolae_yredelemnul_corpse_copse,
          nicolae_tso_swordbearing_angel, serial_shops, shop
D:8:      layout_basic, dancing_weapons_uskayaw,
          mainiacjoe_overflow_small_starburst, serial_shops,
          nicolae_diamond_shop, uniq_prince_ribbit1, uniq_joseph, uniq_erica,
          uniq_psyche
D:9:      layout_irregular_city, vehumet_crystals, enter_bailey_2,
          nicolae_fountain_basement
D:10:     layout_cave_pods
D:11:     layout_rooms, minmay_lair_entry_grove, orc_david_3, serial_shops,
          shop_fountains, uniq_amaemon, uniq_nergalle, uniq_harold
D:12:     layout_irregular_city, serial_shops, bzr_entry_road, hex_large
Lair:1:   layout_regular_city, basic_altar, cheibrodos_lair_reptile_den,
          uniq_gastronok, uniq_sonja
Lair:2:   layout_chaotic_city, minmay_snake_entry_spellcaster,
          nicolae_lair_grazing_beasts [nicolae_sub_lair_graze_edge,
          nicolae_sub_lair_graze_edge, nicolae_sub_lair_graze_edge,
          nicolae_sub_lair_graze_edge], grunt_megastairs_5,
          serial_bayou_shore_b, lemuel_fruit_fields
Lair:3:   layout_cave_pods, elwin_shoals_entry_rooms,
          chequers_serial_rivers_large_b, serial_bayou_pond_c,
          serial_bayou_shore_a, lemuel_fruit_tree
Lair:4:   layout_layer_cave, nzn_sisyphean_effort
Lair:5:   layout_roguey
Lair:6:   minmay_lair_end_enchanted_forest, layout_layer_cave, slime_altar_1,
          st_stairs_8, infiniplex_staircase_pool

Skill      XL: |  1  2  3  4  5  6  7  8  9 10 11 12 13 14 |
---------------+-------------------------------------------+-----
Dodging        | 2 5 6 7 8 9 |  9.5
Stealth        | 2 |  2.0
Fighting       | 1 2 6 7 8 9 10 11 | 11.0
Maces & Flails | 1 5 6 7 8 9 10 | 10.0
Spellcasting   | 3 5 6 7 8 9 |  9.6
Necromancy     | 7 8 9 10 11 | 11.4
Shields        | 1 2 3 5 6 7 |  7.8
Earth Magic    | 1 3 4 5 6 7 |  7.4
Hexes          | 1 2 4 5 6 |  6.6
Ice Magic      | 2 5 6 |  6.2
Evocations     | 3 4 |  4.4

Action                   |  1- 3 |  4- 6 |  7- 9 | 10-12 | 13-15 || total
-------------------------+-------+-------+-------+-------+-------++-------
Melee: Unarmed           |    33 |       |       |       |       ||    33
       Tailslap          |     7 |     7 |    58 |    66 |   121 ||   259
       Dagger            |    13 |       |       |       |       ||    13
       Flail             |     6 |    64 |   379 |   357 |       ||   806
       Punch             |       |     1 |     1 |       |       ||     2
       Dire flail        |       |     4 |       |       |       ||     4
       Demon whip        |       |       |       |    88 |   595 ||   683
 Cast: Pain              |    55 |     5 |       |       |       ||    60
       Vampiric Draining |       |     3 |    47 |   175 |   230 ||   455
       Animate Dead      |       |     1 |    12 |    23 |    39 ||    75
       Dispel Undead     |       |       |     5 |    31 |       ||    36
       Anguish           |       |       |       |    42 |    64 ||   106
       Borgnjor's Vile C |       |       |       |     1 |    33 ||    34
Invok: Receive Corpses   |       |       |       |     2 |     3 ||     5
       Receive Forbidden |       |       |       |       |     1 ||     1
 Abil: Breathe Frost     |       |       |    14 |    25 |     3 ||    42
  Use: Scroll            |       |     5 |     3 |     4 |     3 ||    15
       Potion            |       |     1 |       |       |       ||     1
 Stab: Sleeping          |       |     2 |     6 |       |     1 ||     9
       Distracted        |       |       |       |     1 |     1 ||     2
Armor: Skin              |    20 |    22 |   173 |   245 |   296 ||   756
Dodge: Dodged            |    29 |    44 |   267 |   368 |   535 ||  1243
Block: Kite shield       |       |       |   110 |   320 |   447 ||   877

Table legend: (Time is in decaauts)
 A = Elapsed time spent in this place.
 B = Non-inter-level travel time spent in this place.
 C = Inter-level travel time spent in this place.
 D = Time resting spent in this place.
 E = Time spent auto-exploring this place.
 F = Levels seen in this place.
 G = Mean time per level.
                   A        B        C        D        E       F      G
               +--------+--------+--------+--------+--------+-----+--------+
         Total |  29031 |  27491 |   1540 |   1578 |  20105 |  22 | 1319.6 |
       Dungeon |  16526 |  15362 |   1164 |   1048 |  10892 |  12 | 1377.2 |
          Lair |  11063 |  10688 |    375 |    517 |   8341 |   6 | 1843.8 |
        Bazaar |    112 |    112 |      0 |      0 |    104 |   1 |  112.0 |
         Sewer |    186 |    186 |      0 |      0 |    123 |   1 |  186.0 |
       Ossuary |    314 |    314 |      0 |      0 |     95 |   1 |  314.0 |
        Bailey |    828 |    828 |      0 |     12 |    550 |   1 |  828.0 |
               +--------+--------+--------+--------+--------+-----+--------+

Top non-repeatable levels by time:
  Lair:3: 2408 daAuts
  Lair:1: 2159 daAuts
  Lair:4: 1902 daAuts
  Lair:5: 1790 daAuts
     D:5: 1749 daAuts
     D:8: 1632 daAuts
     D:1: 1552 daAuts
  Lair:2: 1537 daAuts
    D:10: 1506 daAuts
    D:12: 1500 daAuts
     D:4: 1447 daAuts
    D:11: 1409 daAuts
     D:7: 1318 daAuts
     D:6: 1301 daAuts
  Lair:6: 1264 daAuts
